 Dungeon Crawl Stone Soup version 0.23-a0-622-g59b4ea9 (webtiles) character file.

51 Leeroy the Charmwright (level 3, 0/30 HPs)
             Began as a Barachi Skald on Dec 23, 2018.
             Succumbed to an adder's poison
             ... on level 2 of the Dungeon.
             The game lasted 00:03:47 (1002 turns).

Leeroy the Charmwright (Barachi Skald)              Turns: 1002, Time: 00:03:49

Health: 0/30       AC:  5    Str: 12    XL:     3   Next: 83%
Magic:  6/6        EV: 11    Int: 19    God:
Gold:   43         SH:  0    Dex: 13    Spells: 5/6 levels left

rFire    . . .     SeeInvis .   a - +0 falchion
rCold    . . .     Gourm    .   (no shield)
rNeg     . . .     Faith    .   o - +0 ring mail
rPois    .         Spirit   .   (no helmet)
rElec    .         Reflect  .   (no cloak)
rCorr    .         Harm     .   (no gloves)
MR       .....                  (no boots)
Stlth    +.........             (no amulet)
HPRegen  0.10/turn              (no ring)
MPRegen  0.10/turn              (no ring)

@: brilliant, lethally poisoned (0 -> -2), very slightly contaminated, invisible
(expiring), slow
A: +LOS, swims, agile 1, robust 1, slowness 1, wild magic 1, strong legs 1
a: Hop


You were on level 2 of the Dungeon.
You were not hungry.

You visited 1 branch of the dungeon, and saw 2 of its levels.

You collected 43 gold pieces.

Inventory:

Hand Weapons
 a - a +0 falchion (weapon)
 e - a +0 whip
 i - a +0 hand axe
 k - a +0 hunting sling
Missiles
 g - 47 sling bullets
 h - 65 stones (quivered)
Armour
 b - a +0 leather armour
 o - a +0 ring mail (worn)
Scrolls
 f - a scroll of fear {unknown}
 j - 3 scrolls of teleportation {unknown}
 m - a scroll of fog {unknown}
 n - a scroll of identify {unknown}
 r - a scroll of remove curse {unknown}
Potions
 s - 2 potions of might
Comestibles
 d - 4 rations
 q - 2 chunks of flesh


   Skills:
 + Level 2.6 Fighting
 * Level 3.4 Long Blades
 + Level 0.2 Throwing
 + Level 2.0 Armour
 + Level 2.3 Dodging
 + Level 2.4 Spellcasting
 + Level 3.8 Charms


You had 5 spell levels left.
You knew the following spells:

 Your Spells              Type           Power        Failure   Level  Hunger
a - Infusion              Chrm           ####         1%          1    #......

Your spell library contained the following spells:

 Spells                   Type           Power        Failure   Level  Hunger
 Song of Slaying          Chrm           #####...     1%          2    ##.....
 Shroud of Golubria       Chrm/Tloc      ####......   4%          2    ##.....
 Regeneration             Chrm/Necr      ####......   7%          3    ###....
 Spectral Weapon          Hex/Chrm       ####....     7%          3    ###....


Dungeon Overview and Level Annotations

Branches:
Dungeon (2/15)

Altars:


Innate Abilities, Weirdness & Mutations

Shadows flee at your approach. (+LOS)
You can swim through water.
You cover ground slowly.
You can hop short distances.
You are agile. (Dex +2)
You are robust. (+10% HP)
Your spells are a little harder to cast, but a little more powerful.


Message History

Okay, then.
It was a potion of brilliance.
You feel clever all of a sudden.
Casting: Infusion (safe; 1% risk of failure)
Confirm with . or Enter, or press ? or * to list all spells.
Okay, then.
Memorise Spectral Weapon, consuming 3 spell levels and leaving 2?
You start memorising the spell.
You continue memorising. x2
You flicker for a moment.
Your memorisation is interrupted.
* * * LOW HITPOINT WARNING * * *
You feel sick.
Unknown command.
Casting: Infusion (safe; 1% risk of failure)
Confirm with . or Enter, or press ? or * to list all spells.
Okay, then.
Memorise Spectral Weapon, consuming 3 spell levels and leaving 2?
You start memorising the spell.
You continue memorising. x3
Your memorisation is interrupted.
You die...

#.....#####.###.....
####............####
.### ###....<.=.#.####
....###...#....#.......
.......................
##....#.†..##.....#.#.
#.##.....####.##.#.#.
#. ##..........# .... .
#.@...#............
........#####.......
.... ...#...#
#.##........ #.#. .#
....... #.# .# . ....
## #. #.. #


There were no monsters in sight!

Vanquished Creatures
  2 adders (D:2)
  An ooze (D:2)
  A dart slug (D:1)
  2 leopard geckos (D:1)
  2 giant cockroaches
  5 hobgoblins
  2 jackals (D:1)
  3 kobolds
  2 ball pythons (D:1)
  A bat (D:2)
  4 frilled lizards
  A rat (D:2)
26 creatures vanquished.

Notes
Turn   | Place    | Note
-------+----------+-------------------------------------------
     0 | D:1      | Leeroy the Barachi Skald began the quest for the Orb.
     0 | D:1      | Reached XP level 1. HP: 17/17 MP: 3/3
   149 | D:1      | Reached XP level 2. HP: 14/23 MP: 5/5
   760 | D:2      | Reached XP level 3. HP: 27/28 MP: 6/6
   994 | D:2      | Gained mutation: You are robust. (+10% HP) [potion of
                  | mutation]
   994 | D:2      | Gained mutation: You are agile. (Dex +2) [potion of
                  | mutation]
   994 | D:2      | Gained mutation: Your spells are a little harder to cast,
                  | but a little more powerful. [potion of mutation]
   994 | D:2      | HP: 1/30 [poisoned by an adder]
  1002 | D:2      | Succumbed to an adder's poison

Vault maps used:
D:1:      erik_arrival_cave_to_civilisation
D:2:      cheibriados_altar_1, first_ration, minmay_pentomino_v2

Skill      XL: |  1  2  3 |
---------------+----------+-----
Long Blades    | 3 |  3.4
Armour         | 2 |  2.0
Fighting       | |  2.6
Throwing       | |  0.2
Dodging        | |  2.3
Spellcasting   | |  2.4
Charms         | |  3.8

Action                   || total
-------------------------++-------
Melee: Falchion          ||    99
Throw: Stone             ||    11
 Cast: Infusion          ||     1
  Use: Potion            ||     3
 Stab: Invisible         ||     1
  Eat: Chunk             ||     1
Armor: Leather armour    ||    12
       Ring mail         ||    18
Dodge: Dodged            ||    89
       Rpst.: Falchion   ||    25

Table legend:
 A = Non-vault XP
 B = Vault XP
 C = Vault XP percentage of total XP
 D = Non-vault monster count
 E = Vault monster count
 F = Vault count percentage of total count
                 A         B        C        D         E       F
            +---------+---------+-------+---------+---------+-------
      Total |      72 |       2 |   2.7 |      24 |       2 |   7.7
            +---------+---------+-------+---------+---------+-------
        D:1 |      29 |       0 |   0.0 |      14 |       0 |   0.0
        D:2 |      43 |       2 |   4.4 |      10 |       2 |  16.7
            +---------+---------+-------+---------+---------+-------
